 Dungeon Crawl Stone Soup version 0.22-a0-374-g5dfd9e3 (webtiles) character file.

20 Megalobster the Ducker (level 2, 0/26 HPs)
             Began as a Gnoll Wanderer on Apr 26, 2018.
             Slain by Crazy Yiuf
             ... wielding a +2 quarterstaff of chaos
              (10 damage)
             ... on level 2 of the Dungeon.
             The game lasted 00:02:41 (826 turns).

Megalobster the Ducker (Gnoll Wanderer)              Turns: 826, Time: 00:02:43

Health: 0/26       AC:  3    Str: 13    XL:     2   Next: 79%
Magic:  2/2        EV: 14    Int: 14    God:
Gold:   24         SH:  0    Dex: 15    Spells: 2/2 levels left

rFire    . . .     SeeInvis .   a - +0 falchion
rCold    . . .     Gourm    .   (no shield)
rNeg     . . .     Faith    .   c - +0 leather armour
rPois    .         Spirit   .   (no helmet)
rElec    .         Reflect  .   (no cloak)
rCorr    .         Harm     .   (no gloves)
MR       .....                  (no boots)
Stlth    ++........             (no amulet)
HPRegen  0.08/turn              (no ring)
MPRegen  0.08/turn              (no ring)

@: no status effects
A: distributed training, fangs 1, strong nose
a: no special abilities


You were on level 2 of the Dungeon.
You were not hungry.

You visited 1 branch of the dungeon, and saw 2 of its levels.

You collected 24 gold pieces.

Inventory:

Hand Weapons
 a - a +0 falchion (weapon)
 b - a +0 blowgun
 f - a +0 dagger
Missiles
 d - 8 poisoned needles
 e - 3 throwing nets (quivered) {!f}
 j - 38 stones
 r - 21 sling bullets
Armour
 c - a +0 leather armour (worn)
 o - a +0 chain mail
 q - a +0 scale mail
Jewellery
 n - a cursed -2 ring of evasion {unknown}
Scrolls
 k - 2 scrolls of enchant armour {unknown}
 m - a scroll of teleportation {unknown}
 s - a scroll of enchant weapon {unknown}
 t - a scroll of identify {unknown}
Potions
 h - 2 potions of heal wounds {unknown}
 l - a potion of curing {unknown}
 p - a potion of brilliance {unknown}
Comestibles
 g - 4 rations
 i - 5 chunks of flesh


   Skills:
 + Level 4.5 Fighting
 + Level 0.5 Short Blades
 + Level 4.5 Long Blades
 + Level 0.5 Axes
 + Level 0.5 Maces & Flails
 + Level 0.5 Polearms
 + Level 0.5 Staves
 + Level 0.5 Slings
 + Level 0.5 Bows
 + Level 0.5 Crossbows
 + Level 4.5 Throwing
 + Level 0.5 Armour
 + Level 4.5 Dodging
 + Level 4.1 Stealth
 + Level 0.5 Shields
 + Level 0.5 Unarmed Combat
 + Level 0.5 Spellcasting
 + Level 0.3 Conjurations
 + Level 0.3 Hexes
 + Level 0.3 Charms
 + Level 0.3 Summonings
 + Level 0.3 Necromancy
 + Level 0.3 Translocations
 + Level 0.3 Transmutations
 + Level 0.3 Fire Magic
 + Level 0.3 Ice Magic
 + Level 0.3 Air Magic
 + Level 0.3 Earth Magic
 + Level 0.3 Poison Magic
 + Level 0.6 Invocations
 + Level 0.5 Evocations


You had 2 spell levels left.
You didn't know any spells.

Dungeon Overview and Level Annotations

Branches:
Dungeon (2/15)

Altars:

Annotations:
D:2 Crazy Yiuf


Innate Abilities, Weirdness & Mutations

Your experience applies equally to all skills.
You have very sharp teeth.
Your uncanny sense of smell can sniff out nearby items.


Message History

You hit the fungus.
You destroy the fungus!
Found a runed door.
You open the door.
Crazy Yiuf the Enlightened comes into view.
He is wielding a quarterstaff of chaos.
Crazy Yiuf shouts!
Found a mace.
There is an open door here.
You barely miss Crazy Yiuf.
Crazy Yiuf hits you with a quarterstaff of chaos!
Crazy Yiuf freezes you.
You take 16 damage, and have 10/26 hp.
MASSIVE DAMAGE!!
You hit Crazy Yiuf.
Crazy Yiuf is lightly wounded.
Crazy Yiuf barely misses you.
You riposte.
You hit Crazy Yiuf.
Crazy Yiuf is moderately wounded.
You hit Crazy Yiuf but do no damage.
Crazy Yiuf is moderately wounded.
Crazy Yiuf hits you with a quarterstaff of chaos!
You die...

# .# ######.#
#......# ####
♣♣##....... #)..#♣♣
♣P...)#####
#..g@.♣♣♣♣♣P....#
#...#♣..♣......######
#### ♣♣♣.♣.P.........
♣♣♣♣♣#########


You could see Crazy Yiuf.

Vanquished Creatures
  2 dart slugs (D:1)
  4 bats (D:1)
  A goblin (D:2)
  A hobgoblin (D:2)
  2 frilled lizards
  3 kobolds (D:1)
  4 rats (D:1)
  2 fungi (D:2)
19 creatures vanquished.

Notes
Turn   | Place    | Note
-------+----------+-------------------------------------------
     0 | D:1      | Megalobster the Gnoll Wanderer began the quest for the Orb.
     0 | D:1      | Megalobster set off with: a +0 leather armour, 3 throwing nets {!f}, a +0 falchion, 8 poisoned needles, a +0 blowgun, a +0 dagger, a ration
     0 | D:1      | Reached XP level 1. HP: 20/20 MP: 1/1
   182 | D:1      | Reached XP level 2. HP: 26/26 MP: 2/2
   818 | D:2      | Found a runed door.
   822 | D:2      | Noticed Crazy Yiuf
   826 | D:2      | Slain by Crazy Yiuf

Vault maps used:
D:1:      dpeg_arrival_renting, minmay_misc_feat_doors
D:2:      lemuel_upstairs_altar, serial_forest, infiniplex_forest_zigzag_2,
          infiniplex_forest_straight_1, infiniplex_forest_zigzag_1,
          infiniplex_forest_end_2, infiniplex_forest_end_1,
          infiniplex_forest_clump_curved, minmay_small_reverse_x,
          uniq_crazy_yiuf_cottage

Action                   || total
-------------------------++-------
Melee: Falchion          ||    72
       Bite              ||    15
 Stab: Sleeping          ||     4
Armor: Leather armour    ||     8
Dodge: Dodged            ||    40
       Rpst.: Falchion   ||    14

Table legend:
 A = Spawn XP
 B = Non-spawn XP
 C = Spawn XP percentage of total XP
 D = Spawn monster count
 E = Non-spawn monster count
 F = Spawn count percentage of total count
 G = Total turns spent on level
                    A         B        C        D         E        F      G
               +---------+---------+-------+---------+---------+-------+---------
         Total |       0 |      29 |   0.0 |       0 |      17 |   0.0 |   826
               +---------+---------+-------+---------+---------+-------+---------
           D:1 |       0 |      24 |   0.0 |       0 |      14 |   0.0 |   676
           D:2 |       0 |       5 |   0.0 |       0 |       3 |   0.0 |   150
               +---------+---------+-------+---------+---------+-------+---------
